Map: Jagannatha EC

Players

Dablo - Winner!

  • Race: Protoss Protoss
  • League: Platinum
  • Spawn Location: 7:00

InLine

  • Race: Terran Terran
  • League: Diamond
  • Spawn Location: 1:00

VOD

Have the link to the VOD?

Description

Time

  • Played on: Sept. 3, 2021, 11:49 a.m.
  • Length: 15:51
Show
View Real Time Build Order
Export as new Build Order

Dablo Protoss - Winner!

Build Orders: 1 Gate Expand 

Get SALT Encoding   

  12  0:00  Probe  
  13  0:13  Pylon  
  13  0:17  Probe  
  14  0:31  Gateway  
  14  0:34  Probe  
  15  0:47  Probe  
  16  1:08  Nexus  
  17  1:14  Assimilator  
  17  1:16  Probe  
  17  1:28  Cybernetics Core  
  17  1:31  Probe  
  18  1:39  Pylon  
  18  1:43  Probe  
  19  1:55  Probe  
  19  1:59  Gateway  
  20  2:03  Warp Gate (Chrono Boost)  
  20  2:04  Adept (Chrono Boost)  
  22  2:13  Probe  
  23  2:20  Probe  
  24  2:25  Probe  
  24  2:29  Stalker  
  27  2:39  Gateway  
  27  2:45  Probe  
  27  2:48  Adept  
  30  2:55  Probe  
  31  3:01  Pylon  
  31  3:08  Probe  
  31  3:09  Probe  
  33  3:20  Probe  
  33  3:24  Probe  
  35  3:31  Adept  
  35  3:33  Probe  
  38  3:34  Adept x2  
  42  3:47  Probe  
  42  3:48  Probe  
  43  4:11  Probe x2  
  43  4:16  Pylon  
  45  4:19  Pylon  
  45  4:21  Pylon  
  39  4:28  Adept  
  39  4:29  Adept x2  
  43  4:35  Probe x2  
  43  4:40  Pylon  
  43  4:43  Pylon  
  43  4:47  Gateway, Robotics Facility, Probe  
  43  4:48  Gateway, Probe  
  45  4:54  Adept  
  45  4:59  Probe  
  48  5:19  Probe x2  
  46  5:24  Adept x3  
  50  5:30  Shield Battery  
  50  5:31  Probe  
  50  5:32  Shield Battery  
  50  5:34  Assimilator  
  50  5:35  Shield Battery, Observer (Chrono Boost)  
  52  5:36  Assimilator  
  52  5:38  Probe  
  52  5:39  Forge  
  53  5:42  Assimilator  
  53  5:45  Pylon  
  53  5:52  Zealot x3, Twilight Council  
  53  5:53  Zealot x2  
  63  6:02  Protoss Ground Weapons Level 1 (Chrono Boost)  
  63  6:03  Probe x2  
  65  6:15  Photon Cannon  
  65  6:18  Photon Cannon  
  65  6:19  Photon Cannon  
  65  6:21  Probe x2  
  65  6:23  Charge (Chrono Boost)  
  67  6:35  Photon Cannon  
  67  6:40  Photon Cannon  
  67  6:53  Nexus  
  64  7:04  Zealot x5  
  64  7:08  Probe x2  
  76  7:20  Probe x2  
  78  7:24  Immortal  
  82  7:31  Gateway x2  
  82  7:33  Pylon  
  82  7:34  Probe x2  
  82  7:36  Pylon  
  84  7:39  Zealot x4  
  92  8:06  Nexus  
  92  8:09  Pylon  
  92  8:11  Pylon, Probe x2  
  86  8:16  Sentry x2  
  86  8:17  Zealot x3  
  96  8:29  Probe x2  
  98  8:39  Templar Archives  
  98  8:40  Gateway  
  98  8:44  Probe  
  99  8:49  Photon Cannon  
  99  8:50  Photon Cannon  
  99  8:53  Photon Cannon  
  99  8:54  Shield Battery  
  99  8:59  Probe  
  100  9:17  Probe x2  
  101  9:18  High Templar x2  
  101  9:19  High Templar x2  
  101  9:20  High Templar x2  
  113  9:24  Archon  
  113  9:25  Archon x2  
  113  9:28  Protoss Ground Weapons Level 2 (Chrono Boost), Probe  
  113  9:29  Probe x2  
  116  9:37  Assimilator  
  116  9:41  Observer (Chrono Boost)  
  116  9:42  Assimilator, Observer  
  117  9:50  Pylon  
  117  9:52  High Templar x2  
  121  9:53  Zealot x4, Warp Prism (Chrono Boost), Pylon  
  121  9:56  Archon  
  131  10:08  Probe x2  
  133  10:16  Photon Cannon  
  133  10:20  Probe x2  
  135  10:23  Zealot x4  
  135  10:24  Zealot  
  142  10:44  Probe x3  
  145  10:56  Probe  
  121  11:18  Zealot x3  
  121  11:19  Zealot x4  
  125  11:51  Zealot x2  
  125  11:52  Zealot x5  
  133  12:13  High Templar x2  
  133  12:14  High Templar x3  
  133  12:15  High Templar  
  131  12:18  Archon x2  
  131  12:19  Archon  
  123  12:32  Probe  
  123  12:33  Probe  
  123  12:36  Gateway  
  125  12:37  Gateway  
  125  12:39  Nexus  
  125  12:40  Gateway  
  125  12:41  Gateway  
  125  12:42  Gateway, Pylon  
  125  12:45  Pylon  
  125  13:10  Photon Cannon  
  125  13:11  Photon Cannon  
  125  13:14  Photon Cannon  
  125  13:16  Photon Cannon, Shield Battery  
  125  13:18  Shield Battery  
  125  13:22  Stargate, Probe x3  
  125  13:23  Shield Battery, Stargate  
  125  13:25  Stargate, Shield Battery  
  125  13:26  Assimilator  
  128  13:32  Assimilator  
  128  13:34  Pylon, Probe  
  129  13:37  Zealot x3, Pylon  
  129  13:38  Zealot  
  137  13:41  High Templar x2  
  137  13:42  High Templar x4  
  137  13:43  High Templar x2  
  137  13:46  Archon x3  
  137  13:47  Archon  
  153  13:56  Probe  
  154  14:09  Void Ray x3  
  166  14:16  Pylon  
  166  14:19  Fleet Beacon  
  166  14:36  Zealot x5  
  166  14:37  Zealot x6  
  170  15:17  Probe x4  
Show
View Real Time Build Order
Export as new Build Order

InLine Terran 

Build Orders: 2 Factory, Cyclone Opening 

Get SALT Encoding   

  12  0:00  SCV  
  13  0:12  SCV  
  14  0:17  Supply Depot  
  14  0:24  SCV  
  15  0:31  Refinery  
  15  0:38  SCV  
  16  0:45  Barracks  
  16  0:51  SCV  
  17  0:58  Refinery  
  17  1:05  SCV  
  18  1:17  SCV  
  19  1:29  SCV  
  20  1:36  Factory  
  20  1:37  Marine  
  21  1:45  Orbital Command  
  21  1:52  Supply Depot  
  21  2:04  Factory, Barracks Tech Lab  
  21  2:11  SCV  
  22  2:23  SCV  
  23  2:30  Cyclone  
  23  2:32  Barracks Tech Lab  
  23  2:36  SCV  
  27  2:41  Supply Depot  
  27  2:49  Hellion  
  27  2:50  Mag-Field Accelerator  
  29  2:56  SCV  
  30  3:09  Cyclone  
  33  3:16  SCV  
  34  3:32  Supply Depot  
  34  3:33  Command Center  
  34  3:39  Cyclone  
  37  3:41  SCV  
  38  4:00  Cyclone  
  40  4:05  SCV  
  33  4:32  Cyclone  
  33  4:34  SCV  
  33  4:37  Command Center  
  37  4:46  Cyclone, SCV  
  37  4:50  Supply Depot  
  41  4:58  SCV  
  42  5:06  Cyclone  
  41  5:25  SCV  
  42  5:35  Starport  
  42  5:36  Cyclone  
  42  5:37  Barracks Reactor, SCV  
  46  5:47  Cyclone  
  46  5:49  SCV  
  50  5:52  Supply Depot  
  50  6:01  SCV  
  51  6:05  Engineering Bay  
  51  6:11  Orbital Command  
  51  6:13  SCV  
  51  6:15  Marine x2, Refinery  
  54  6:23  Starport Tech Lab  
  54  6:25  SCV  
  54  6:27  Cyclone  
  58  6:36  SCV  
  58  6:38  SCV  
  58  6:39  Orbital Command  
  60  6:47  Raven  
  60  6:48  SCV  
  60  6:50  SCV  
  60  6:51  Missile Turret  
  64  6:59  Cyclone  
  64  7:00  Marine x2  
  69  7:05  Bunker  
  69  7:09  Bunker  
  69  7:12  Bunker  
  69  7:15  SCV x2  
  71  7:26  Supply Depot  
  71  7:28  SCV x3  
  74  7:31  Marine x2  
  76  7:40  SCV x3  
  79  7:48  Refinery  
  79  7:49  Marine x2  
  81  7:52  Missile Turret, SCV x3  
  84  7:58  Infernal Pre-Igniter  
  84  8:03  Factory, Supply Depot  
  84  8:04  Factory, SCV x2  
  86  8:06  Marine  
  86  8:07  Marine  
  88  8:15  Missile Turret  
  88  8:16  SCV  
  88  8:17  SCV  
  90  8:24  Marine x2  
  92  8:31  SCV  
  92  8:32  SCV x2  
  95  8:35  Raven  
  95  8:37  Neosteel Armor, Supply Depot  
  97  8:44  SCV x2  
  97  8:45  Missile Turret  
  97  8:47  Armory  
  97  8:48  Factory Tech Lab  
  99  8:50  Factory Tech Lab  
  99  9:03  Marine  
  99  9:05  Factory  
  99  9:06  Missile Turret  
  100  9:11  Refinery  
  100  9:12  Missile Turret, Refinery  
  100  9:14  SCV x2  
  102  9:18  Missile Turret  
  102  9:19  Marine  
  102  9:21  Marine  
  104  9:27  Command Center  
  104  9:41  Command Center  
  104  9:53  Fusion Core  
  104  9:54  Starport, Terran Vehicle And Ship Armor Level 1  
  104  9:58  SCV x2  
  104  9:59  SCV  
  107  10:02  Supply Depot  
  107  10:03  Hellion x2  
  107  10:05  Supply Depot  
  111  10:10  SCV  
  112  10:15  Supply Depot  
  112  10:20  Supply Depot  
  112  10:22  Missile Turret  
  112  10:24  SCV x3  
  115  10:35  Hellion x4  
  117  10:36  SCV x2  
  117  10:41  Missile Turret  
  117  10:42  Hellion x2  
  123  10:49  Planetary Fortress  
  123  10:54  Battlecruiser  
  123  10:56  Hellion  
  121  11:04  Missile Turret  
  108  11:17  Thor x2  
  100  11:19  Hellion x2  
  87  11:31  Hellion x2  
  88  11:40  Hellion  
  69  11:56  Hellion x3  
  69  12:01  Hellion x3  
  61  12:13  Orbital Command  
  47  12:32  Hellion x2  
  51  12:50  SCV x2  
  53  12:59  Hellion  
  53  13:02  SCV  
  56  13:09  Bunker  
  56  13:12  Bunker  
  56  13:13  SCV  
  56  13:14  SCV  
  58  13:20  SCV  
  58  13:25  SCV  
  58  13:26  SCV  
  61  13:30  Starport Tech Lab  
  61  13:32  SCV  
  62  13:37  SCV  
  63  13:46  Hellion x4  
  71  13:52  Thor  
  77  14:05  Orbital Command  
  77  14:08  Thor  
  83  14:20  Planetary Fortress  
  83  14:21  SCV x3  
  86  14:24  Siege Tank x2  
  86  14:31  SCV  
  93  14:33  SCV x2  
  93  14:35  Marine  
  49  14:53  Marine  
  49  14:54  Siege Tank  
  53  15:11  Marine  
  54  15:17  Hellion x2  
  24  15:29  Marine  
Tags
 
Add a new tag
Caveats
  • Supply blocks, unpowered buildings, or Contaminate may cause inaccurate times.
  • Supply counts are checked every 10 seconds.